 Dungeon Crawl Stone Soup version 0.31-a0-344-gd109795599 (webtiles) character file.

Game seed: 12885863814796741695

200996 Gelion the Brawler (level 17, -1/243 HPs)
             Began as a Troll Shapeshifter on July 22, 2023.
             Was an Initiate of Gozag.
             Slain by a naga warrior
             ... wielding a +0 short sword
              (4 damage)
             ... on level 2 of the Snake Pit.
             The game lasted 01:06:27 (26682 turns).

Gelion the Brawler (Troll Shapeshifter)            Turns: 26682, Time: 01:06:28

Health: -1/243     AC: 32    Str: 29    XL:     17   Next: 89%
Magic:  12/16      EV:  8    Int:  4    God:    Gozag
Gold:   5715       SH:  5    Dex: 16    Spells: 16/16 levels left

rFire   + +          .
                       - Unarmed
rCold   + + .        (no shield)
rNeg    + . .        a - melded +1 animal skin
rPois   ∞            (helmet restricted)
rElec   +            H - scarf {rC+ rF+}
rCorr   .            (gloves unavailable)
SInv    +            (boots unavailable)
Will    ++...        x - amulet of the Contumacious God {Reflect rPois Str+2 SH+5}
Stlth   +            C - ring "Ziuvuimm" {rF+ rC+ Slay+2 SInv}
HPRegen 1.40/turn    z - ring of willpower
MPRegen 0.15/turn

%: reflection
@: statue-form, gold aura, constricted, studying Fire Magic, very slow
A: slow and powerful, torment resistance 1, boosted hp, large, unfitting armour,
claws 3, regeneration 1, (shaggy fur 1), (tough skin 1)
}: 1/15 runes: decaying
a: Begin Untransformation, Renounce Religion, Potion Petition, Call Merchant,
Bribe Branch


You were on level 2 of the Snake Pit.
You worshipped Gozag.
Gozag was greatly pleased with you.
You were a living statue of rough stone.
You visited 6 branches of the dungeon, and saw 29 of its levels.
You also visited: Bailey, Ice Cave and Volcano.

You collected 13178 gold pieces.
You spent 4507 gold pieces at shops.
You paid 2956 gold pieces to Gozag.

Inventory:

Missiles
 B - a throwing net
 O - 38 large rocks
 S - 6 boomerangs of dispersal
Armour
 a - a +1 animal skin (melded)
 H - a scarf of resistance (worn)
Jewellery
 x - the amulet of the Contumacious God (around neck) {Reflect rPois Str+2 SH+5}
   (You bought it in a shop on level 2 of the Dungeon)

   [amulet of reflection]

   It reflects blocked missile attacks.
   Str:       It affects your strength (+2).
   rPois:     It protects you from poison.
   SH:        It affects your SH (+5).
 z - a ring of willpower (right claw)
 C - the ring "Ziuvuimm" (left claw) {rF+ rC+ Slay+2 SInv}
   (You bought it in a shop on level 10 of the Dungeon)

   [ring of see invisible]

   Slay:      It affects your accuracy & damage with ranged weapons and melee
   (+2).
   rF:        It protects you from fire.
   rC:        It protects you from cold.
   SInv:      It lets you see invisible.
 K - a +4 ring of protection
Talismans
 b - a serpent talisman
 A - a granite talisman
Wands
 d - a wand of flame (23)
 l - a wand of polymorph (6)
 r - a wand of paralysis (12)
 s - a wand of acid (6)
 v - a wand of iceblast (26)
 G - a wand of mindburst (19)
 R - a wand of digging (13)
Scrolls
 g - 6 scrolls of vulnerability
 h - 6 scrolls of enchant armour
 j - 5 scrolls of amnesia
 o - a scroll of fog
 p - 7 scrolls of teleportation
 q - 6 scrolls of fear
 u - 12 scrolls of identify
 w - 4 scrolls of enchant weapon
 E - 4 scrolls of poison
 T - 2 scrolls of revelation
Potions
 c - 5 potions of attraction
 e - 2 potions of cancellation
 f - 12 potions of curing
 i - a potion of brilliance
 m - a potion of invisibility
 n - 5 potions of mutation
 t - 5 potions of enlightenment
 D - 2 potions of haste
 F - 2 potions of ambrosia
 I - 5 potions of magic
 J - 4 potions of heal wounds
 L - 3 potions of resistance
 M - 3 potions of might
 N - 2 potions of berserk rage
Miscellaneous
 k - a phantom mirror


   Skills:
 + Level 15.9 Fighting
 - Level 4.0 Dodging
 + Level 18.7 Unarmed Combat
 * Level 17.0 Shapeshifting


You had 16 spell levels left.
You didn't know any spells.
Your spell library contained the following spells:

 Spells                   Type           Power      Damage    Failure   Level
 Freeze                   Ice            0%         1d3       50%         1
 Kiss of Death            Conj/Necr      0%         2d5       50%         1
 Shock                    Conj/Air       0%         1d3       50%         1
 Ensorcelled Hibernation  Hex/Ice        0%         N/A       65%         2
 Poisonous Vapours        Pois/Air       0%         N/A       65%         2
 Call Canine Familiar     Summ           0%         N/A       86%         3
 Confusing Touch          Hex            0%         N/A       86%         3
 Frozen Ramparts          Ice            0%         1d1       86%         3
 Gell's Gravitas          Tloc           0%         N/A       86%         3
 Hailstorm                Conj/Ice       0%         3d3       86%         3
 Inner Flame              Hex/Fire       0%         N/A       86%         3
 Ozocubu's Armour         Ice            0%         N/A       86%         3
 Portal Projectile        Hex/Tloc       0%         N/A       86%         3
 Swiftness                Air            0%         N/A       86%         3
 Teleport Other           Tloc           0%         N/A       86%         3
 Airstrike                Air            0%         2d(0-16)  99%         4
 Anguish                  Hex/Necr       0%         N/A       99%         4
 Dispel Undead            Necr           0%         3d6       99%         4
 Flame Wave               Conj/Fire      0%         2d4       99%         4
 Leda's Liquefaction      Hex/Erth       0%         N/A       99%         4
 Sticky Flame             Conj/Fire      0%         2d3       99%         4
 Summon Ice Beast         Ice/Summ       0%         N/A       99%         4
 Freezing Cloud           Conj/Ice/Air   0%         6-21      100%        5
 Metabolic Englaciation   Hex/Ice        0%         N/A       100%        5
 Yara's Violent Unravell  Hex/Tmut       0%         3d3       100%        5
 Dispersal                Tloc           0%         N/A       100%        6
 Enfeeble                 Hex            0%         N/A       100%        7
 Summon Hydra             Summ           0%         N/A       100%        7
 Summon Horrible Things   Summ           0%         N/A       100%        8
 Simulacrum               Ice/Necr       Unusable   N/A       N/A         6

Dungeon Overview and Level Annotations

Branches:
Dungeon (15/15)            Temple (1/1) D:4            Lair (5/5) D:10
  Swamp (4/4) Lair:3        Snake (2/4) Lair:3        Slime (0/5) Lair:5
    Orc (2/2) D:9             Elf (0/3) Orc:2        Vaults (0/5) D:14
 Depths (0/4) D:15         Bailey (visited)           IceCv (visited)
Volcano (visited)

Altars:
Ashenzari
Cheibriados
Dithmenos
Elyvilon
Fedhas
Gozag
Hepliaklqana
Kikubaaqudgha
Makhleb
Nemelex Xobeh
Okawaru
Qazlal
Ru
Sif Muna
Trog
Uskayaw
Vehumet
Wu Jian
Xom
Yredelemnul
Zin
The Shining One
Jiyva

Shops:
D:2 (*:?=   D:4 =   D:10 =   D:11 *=!*   D:13 [*   Orc:2 ([:*   Swamp:1 *
Snake:1 =!([=

Annotations:
D:13 1 runed translucent door


Innate Abilities, Weirdness & Mutations

You are a living statue of rough stone.
Your actions are slow, but your melee attacks are powerful.
You are resistant to unholy torment.
Your maximum health is greatly increased.
Your equipment is partially melded.
You are too large for most types of armour.
You are immune to poison.
You have claws for hands.
Your natural rate of healing is unusually fast.
((You are covered in fur. (AC +1)))
((You have tough skin. (AC +1)))


Message History

13 gold pieces; a +0 spear; a +0 robe You escape the naga warrior's grasp.
The nagaraja spits poison at you.
The splash of poison hits you but does no damage.
You resist.
The guardian serpent coils itself and waves its upper body at you.
The guardian serpent blinks!
The naga blinks!
The nagaraja blinks!
The nagaraja hits you with a +0 whip.
* * * LOW HITPOINT WARNING * * *
The nagaraja grabs you.
You stop ascending the stairs.
The nagaraja constricts you.
You block the guardian serpent's attack.
The salamander hits you from afar with a +0 halberd!
* * * LOW HITPOINT WARNING * * *
You are engulfed in flames.
You resist.
* * * LOW HITPOINT WARNING * * *
The naga warrior roars a battlecry!
The nagas go into a battle-frenzy!
The nagaraja hits you with a +0 whip.
* * * LOW HITPOINT WARNING * * *
The nagaraja constricts you.
* * * LOW HITPOINT WARNING * * *
Unknown command.
As you read the scroll of fear, it crumbles to dust.
You assume a fearsome visage.
The guardian serpent looks frightened!
The nagaraja resists with almost no effort.
The guardian serpent looks frightened!
The nagaraja resists with almost no effort. x2
The naga looks frightened!
The salamander looks frightened!
The naga warrior resists with almost no effort.
The nagaraja hits you with a +0 whip!
* * * LOW HITPOINT WARNING * * *
The nagaraja hits you with a +0 whip!
* * * LOW HITPOINT WARNING * * *
The nagaraja constricts you.
* * * LOW HITPOINT WARNING * * *
The nagaraja hits you but does no damage.
The naga warrior hits you with a +0 short sword.
You die...
Your body crumbles into a pile of gold.

.##..#NNS#.....
#............# #
#.....$.....## ..#..
#.......$$..###......
#............##.....# #.
..........#.........##..
#.....#...#..N..........
......##.N#N........$...
..##..#.N.8..S..........
.# ##.§...NN§..........#
#..)............##..#
.....S......##........
...........###........
............ #........
......................
.....................
...##..............


You could see 3 nagarajas, a naga warrior, a salamander (strong, fleeing), 2
guardian serpents and a naga (strong, fleeing).

Vanquished Creatures
  the Lernaean hydra (Swamp:4)
  A tentacled monstrosity (Swamp:2)
  2 liches
  Kirke (D:15)
  A tengu reaver (D:13)
  Aizul (Snake:1)
  3 nagarajas (Snake:2)
  4 fenstrider witches
  A balrug (Orc:1)
  3 ghouls (Swamp:3)
  3 orc warlords
  A very ugly thing (D:14)
  A stone giant (D:13)
  7 eleionomae
  Azrael (D:14)
  A bunyip (Swamp:4)
  The ghost of LeprechaunX the Martial Artist, a journeyman OpSh of Cheibriados (Lair:4)
  Snorg (D:10)
  The ghost of SirDiesAlot the Frost Mage, a journeyman OpSh of Cheibriados (D:13)
  An ettin (Orc:2)
  20 hydras
  Fannar (Lair:1)
  Erolcha (D:10)
  An ice dragon (Lair:4)
  An ogre mage (D:14)
  A caustic shrike simulacrum (IceCv)
  A centaur warrior (D:13)
  7 two-headed ogres
  3 boulder beetles
  A dancing weapon (Volcano)
  5 naga warriors
  10 alligators
  A vampire mage (D:15)
  3 death yaks (Lair:4)
  A tengu warrior (D:15)
  Urug (D:11)
  A naga sharpshooter (Snake:1)
  20 spriggans
  A spriggan berserker (Swamp:2)
  An orc high priest (Orc:2)
  A deep elf knight (D:14)
  Nergalle (Orc:2)
  2 skysharks
  11 skeletal warriors
  7 goliath frogs
  11 swamp dragons
  2 spriggan simulacra (IceCv)
  Lodul (D:10)
  2 spriggan druids
  15 bog bodies
  5 wizards (Volcano)
  A naga ritualist (Snake:1)
  3 necromancers
  3 lindwurms
  An obsidian statue (IceCv)
  A sphinx zombie (D:15)
  A harpy (shapeshifter) (D:15)
  8 mana vipers
  A deep elf zephyrmancer (D:14)
  A shadow dragon zombie (D:15)
  3 orc knights (Orc:2)
  13 ugly things (D:14)
  An iron dragon zombie (D:15)
  2 orc sorcerers (Orc:2)
  7 will-o-the-wisps
  A deep elf pyromancer (D:12)
  7 cyclopes
  A manticore (D:12)
  5 toenail golems (Volcano)
  6 elephants
  17 black mambas
  A guardian serpent (Snake:1)
  A black mamba (shapeshifter) (D:15)
  2 naga magi (Snake:1)
  9 cane toads
  A cane toad (shapeshifter) (D:15)
  3 rime drakes (Lair:4)
  4 centaur skeletons (D:14)
  An unseen horror (D:11)
  18 freezing wraiths
  An efreet (D:15)
  8 yaktaurs
  An anaconda simulacrum (IceCv)
  2 golden dragon simulacra (IceCv)
  8 komodo dragons
  10 tyrant leeches
  5 polar bears
  6 trolls
  Grinder (D:4)
  12 hornets
  16 blink frogs
  18 dream sheep
  A centaur simulacrum (D:14)
  8 slime creatures
  2 vampires (D:11)
  A water elemental (D:14)
  4 dire elephant simulacra (IceCv)
  A human (D:9)
  3 wraiths
  40 yaks
  A fire elemental (D:14)
  4 wyverns
  5 basilisks
  A hog (D:15)
  Grum (D:11)
  A redback simulacrum (D:15)
  4 minotaur simulacra (IceCv)
  5 wargs
  Menkaure (D:7)
  2 steam dragons (D:9)
  17 vampire mosquitoes
  2 harpy simulacra (IceCv)
  16 swamp worms
  12 nagas
  2 acid dragons
  19 water moccasins
  6 hell hounds
  A glowing shapeshifter skeleton (D:15)
  7 hydra simulacra
  4 ice beasts
  30 orc warriors
  An ettin simulacrum (IceCv)
  10 swamp drakes
  2 sky beasts (D:7)
  8 black bears
  9 boggarts
  19 ogres
  47 wolves
  6 alligator simulacra (IceCv)
  8 centaurs
  A phantom (D:6)
  5 kobold brigands
  11 bullfrogs
  2 necrophages
  A scorpion (D:5)
  A hornet simulacrum (D:14)
  A dream sheep simulacrum (Lair:4)
  2 lindwurm simulacra (IceCv)
  11 killer bees
  4 electric eels
  12 howler monkeys
  4 hounds
  18 orc priests
  2 jellies (D:5)
  2 iguanas
  2 sleepcaps
  16 orc wizards
  6 gnolls
  11 adders
  3 white imps
  3 ufetubi
  A worm (D:3)
  4 dart slugs
  51 orcs
  4 endoplasms
  5 giant cockroaches
  9 goblins
  10 hobgoblins
  2 jackals (D:2)
  37 kobolds
  5 quokkas
  9 ball pythons
  4 bats
  4 frilled lizards
  7 rats
967 creatures vanquished.

Vanquished Creatures (collateral kills)
  A hobgoblin (Bailey)
1 creature vanquished.

Vanquished Creatures (others)
  A goliath frog (Swamp:2)
  A gargoyle (D:10)
  A tengu conjurer (D:15)
  5 bloated husks
  2 humans (D:15)
  A yak (D:10)
  2 vampire mosquitoes (Swamp:2)
  A swamp worm (Swamp:2)
  2 killer bees (D:10)
  An orc wizard (Orc:2)
  2 human simulacra (D:10)
  19 foxfires
38 creatures vanquished.

Grand Total: 1006 creatures vanquished

Notes
Turn   | Place    | Note
-------+----------+-------------------------------------------
     0 | D:1      | Gelion the Troll Shapeshifter began the quest for the Orb.
     0 | D:1      | Reached XP level 1. HP: 18/18 MP: 0/0
   110 | D:1      | Reached skill level 1 in Fighting
   158 | D:1      | Reached XP level 2. HP: 18/27 MP: 1/1
   782 | D:2      | Reached XP level 3. HP: 33/33 MP: 2/2
   788 | D:2      | Found Asylunif's Book Boutique.
   842 | D:2      | Found Cidwiwk's Jewellery Boutique.
   863 | D:2      | Got Dolole's Tome of Frostbite
   936 | D:2      | Found Peim's Assorted Antiques.
   945 | D:2      | Found Duhos's Weapon Emporium.
  1082 | D:2      | Found Vigap's Magic Scroll Boutique.
  1106 | D:2      | Reached XP level 4. HP: 41/41 MP: 3/3
  1282 | D:2      | Bought a scroll of identify for 20 gold pieces
  1282 | D:2      | Bought a scroll of identify for 20 gold pieces
  1565 | D:3      | Found a faded altar of an unknown god.
  1991 | D:3      | Reached XP level 5. HP: 44/49 MP: 4/4
  2038 | D:4      | Reached skill level 4 in Unarmed Combat
  2111 | D:4      | Noticed an ogre
  2120 | D:4      | Killed an ogre
  2121 | D:4      | Reached XP level 6. HP: 59/59 MP: 5/5
  2155 | D:4      | Found a staircase to the Ecumenical Temple.
  2195 | D:4      | Noticed Grinder
  2195 | D:4      | Paralysed by Grinder for 5 turns
  2218 | D:4      | Killed Grinder
  2258 | D:4      | Found Caet's Jewellery Shoppe.
  2372 | D:4      | Reached XP level 7. HP: 67/67 MP: 6/6
  2490 | D:5      | Entered Level 5 of the Dungeon
  2558 | D:5      | Reached skill level 5 in Unarmed Combat
  2890 | D:5      | Found a stormy altar of Qazlal.
  3035 | D:5      | Identified the +0 chain mail of Satisfaction {Int+2}
  3186 | Temple   | Entered the Ecumenical Temple
  3195 | Temple   | Became a worshipper of Gozag Ym Sagoz the Greedy
  3359 | D:6      | Reached XP level 8. HP: 63/78 MP: 7/7
  3423 | D:6      | Reached skill level 5 in Shapeshifting
  3726 | D:6      | Reached skill level 6 in Unarmed Combat
  4275 | D:7      | Reached skill level 5 in Fighting
  4353 | D:7      | Reached skill level 7 in Unarmed Combat
  4353 | D:7      | Reached XP level 9. HP: 31/88 MP: 8/8
  4414 | D:7      | Found a white marble altar of Elyvilon.
  4632 | D:7      | Noticed Menkaure
  4638 | D:7      | Killed Menkaure
  4676 | D:7      | Found an iron altar of Okawaru.
  5144 | D:2      | Bought a scroll of noise for 10 gold pieces
  5144 | D:2      | Bought a scroll of revelation for 75 gold pieces
  5144 | D:2      | Bought a scroll of teleportation for 30 gold pieces
  5282 | D:8      | Found a flagged portal.
  5378 | Bailey   | Entered a bailey
  5385 | Bailey   | Noticed an orc warlord
  5550 | Bailey   | Found a runed translucent gate.
  5553 | Bailey   | Found a runed translucent gate.
  5555 | Bailey   | Found a runed translucent gate.
  5711 | Bailey   | Killed an orc warlord
  5712 | Bailey   | Reached skill level 8 in Unarmed Combat
  5774 | Bailey   | Acquired 407 gold pieces
  5895 | D:4      | Bought a serpent talisman for 480 gold pieces
  5972 | D:2      | Bought the amulet of the Contumacious God {Reflect rPois
                  | Str+2 SH+5} for 590 gold pieces
  6225 | D:8      | Found a basalt altar of Yredelemnul.
  6227 | D:8      | Found a glowing golden altar of the Shining One.
  6227 | D:8      | Found an ancient bone altar of Kikubaaqudgha.
  6227 | D:8      | Found a hazy altar of Hepliaklqana.
  6235 | D:8      | Found a sparkling altar of Nemelex Xobeh.
  6240 | D:8      | Found a snail-covered altar of Cheibriados.
  6269 | D:8      | Found an ornate altar of the Wu Jian Council.
  6292 | D:8      | Reached XP level 10. HP: 83/100 MP: 9/9
  6821 | D:9      | Reached skill level 9 in Unarmed Combat
  6968 | D:9      | Found a staircase to the Orcish Mines.
  7094 | D:9      | Identified the staff "Secret Weapon" {Int+3 Earth}
  7402 | D:10     | Entered Level 10 of the Dungeon
  7415 | D:10     | Found a staircase to the Lair.
  7416 | D:10     | Noticed Lodul
  7422 | D:10     | Noticed Erolcha
  7482 | D:10     | Killed Lodul
  7496 | D:10     | Killed Erolcha
  7497 | D:10     | Reached skill level 10 in Unarmed Combat
  7497 | D:10     | Reached XP level 11. HP: 82/111 MP: 10/10
  7644 | D:10     | Noticed Snorg
  7660 | D:10     | HP: 6/128 [Snorg (20)]
  7661 | D:10     | Killed Snorg
  7921 | D:10     | Noticed a two-headed ogre
  7927 | D:10     | Killed a two-headed ogre
  8016 | D:10     | Found Dozilil's Jewellery Shoppe.
  8022 | D:10     | Bought the ring "Ziuvuimm" {rF+ rC+ Slay+2 SInv} for 577
                  | gold pieces
  8038 | D:10     | Found a burning altar of Makhleb.
  8040 | D:10     | Noticed an Executioner
  8625 | Lair:1   | Entered Level 1 of the Lair of Beasts
  8869 | Lair:1   | Reached skill level 11 in Unarmed Combat
  9073 | Lair:1   | Noticed Fannar
  9081 | Lair:1   | Killed Fannar
  9709 | D:4      | Bought a granite talisman for 960 gold pieces
 10079 | Lair:2   | Reached XP level 12. HP: 124/124 MP: 11/11
 10145 | Lair:2   | Reached skill level 10 in Shapeshifting
 10598 | Lair:3   | Found a staircase to the Snake Pit.
 10829 | Lair:3   | Reached skill level 10 in Fighting
 10829 | Lair:3   | Reached skill level 12 in Unarmed Combat
 10952 | Lair:3   | Noticed a four-headed hydra
 10975 | Lair:3   | Killed a four-headed hydra
 11111 | Lair:3   | Found a staircase to the Swamp.
 11336 | Lair:3   | Noticed a four-headed hydra
 11342 | Lair:3   | Killed a four-headed hydra
 11963 | Lair:4   | Reached XP level 13. HP: 107/136 MP: 12/12
 12036 | Lair:4   | Reached skill level 13 in Unarmed Combat
 12253 | Lair:4   | Found a runed translucent gate.
 12253 | Lair:4   | Found a runed translucent gate.
 12255 | Lair:4   | Found a runed translucent gate.
 12352 | Lair:4   | Noticed LeprechaunX's ghost (journeyman OpSh)
 12774 | Lair:4   | Killed LeprechaunX's ghost
 12968 | Lair:4   | Got the ring of Xom's Best Wishes {Fire Str+5 Int+2 Dex+3}
 13001 | Lair:5   | Entered Level 5 of the Lair of Beasts
 13551 | Lair:5   | Reached skill level 14 in Unarmed Combat
 13569 | Lair:5   | Got Sif Muna's Elucidation of the Weathered Legion
 14036 | Lair:4   | Reached XP level 14. HP: 83/149 MP: 13/13
 14261 | Lair:5   | Found a staircase to the Slime Pits.
 14261 | Lair:5   | Found a viscous altar of Jiyva.
 14992 | Lair:5   | Acquired 487 gold pieces
 15281 | D:2      | Bought a potion of haste for 260 gold pieces
 15281 | D:2      | Bought 2 purple potions for 46 gold pieces
 15346 | D:2      | Bought a +4 ring of protection for 468 gold pieces
 15853 | Orc:1    | Entered Level 1 of the Orcish Mines
 16058 | Orc:1    | Found a runed translucent door.
 16061 | Orc:1    | Noticed a balrug
 16068 | Orc:1    | Killed a balrug
 16388 | Orc:2    | Entered Level 2 of the Orcish Mines
 16393 | Orc:2    | Found a staircase to the Elven Halls.
 16527 | Orc:2    | Found a dark tunnel.
 16533 | Volcano  | Entered a volcano
 16586 | Volcano  | Reached skill level 15 in Unarmed Combat
 16887 | Orc:2    | Noticed an orc warlord
 16904 | Orc:2    | Killed an orc warlord
 16943 | Orc:2    | Noticed an orc warlord
 16969 | Orc:2    | Killed an orc warlord
 17032 | Orc:2    | Noticed Nergalle
 17052 | Orc:2    | Paralysed by an orc sorcerer for 4 turns
 17106 | Orc:2    | Killed Nergalle
 17174 | Orc:2    | Found Wugorriamp's Book Shop.
 17342 | Orc:2    | Found Yhopsos's Antique Weapon Shop.
 17357 | Orc:2    | Found Ohoruc's Antique Armour Shop.
 17460 | Orc:2    | Found Nyisiet's General Store.
 17466 | Orc:2    | Bought a potion of curing for 48 gold pieces
 17466 | Orc:2    | Bought a potion of heal wounds for 80 gold pieces
 17466 | Orc:2    | Bought a scroll of teleportation for 48 gold pieces
 18148 | D:11     | Noticed Grum
 18149 | D:11     | Noticed Urug
 18162 | D:11     | Killed Urug
 18165 | D:11     | Killed Grum
 18351 | D:11     | Found Qorer's General Store.
 18358 | D:11     | Bought a scroll of revelation for 127 gold pieces
 18358 | D:11     | Bought a potion of heal wounds for 85 gold pieces
 18480 | D:11     | Found Ziawup's Demolitions Depot.
 18589 | D:11     | Bought a potion of resistance for 130 gold pieces
 18589 | D:11     | Bought a potion of might for 52 gold pieces
 18589 | D:11     | Bought a potion of heal wounds for 65 gold pieces
 18589 | D:11     | Bought a potion of curing for 39 gold pieces
 18608 | D:12     | Reached XP level 15. HP: 161/161 MP: 14/14
 18795 | D:12     | Identified the +9 mace "Beast's Undoing" {freeze, *Noise
                  | rN+ Int+3}
 19283 | D:13     | Found Nazel's Changing Room.
 19399 | D:13     | Identified the +0 chain mail of Tartarus {rCorr}
 19604 | D:13     | Noticed a lich
 19604 | D:13     | Noticed SirDiesAlot's ghost (journeyman OpSh)
 19605 | D:13     | Noticed a tengu reaver
 19679 | D:13     | Found Teshub's Dragon-Slaying Spoils.
 19818 | D:13     | Found a runed translucent door.
 19832 | D:13     | Found a runed translucent door.
 19995 | D:13     | Killed a lich
 20016 | D:13     | Reached skill level 16 in Unarmed Combat
 20025 | D:13     | Killed a tengu reaver
 20046 | D:13     | Killed SirDiesAlot's ghost
 20167 | D:14     | Found a frozen archway.
 20231 | IceCv    | Entered an ice cave
 20507 | IceCv    | Found an ancient bone altar of Kikubaaqudgha.
 20649 | IceCv    | Got the Guidebook on the Glacier
 20712 | IceCv    | Noticed a lich
 20735 | IceCv    | Killed a lich
 20845 | IceCv    | Identified the +1 pair of gloves of Lugonu's Favour {Int+2
                  | Stlth+}
 20853 | IceCv    | Identified the ring of Emporgh {rC- rN+ Int+6 Dex-4 Stlth+}
 21276 | D:14     | Found a sparkling altar of Nemelex Xobeh.
 21350 | D:14     | Noticed Azrael
 21356 | D:14     | Killed Azrael
 21407 | D:14     | Identified the +9 glaive of the Lumpy People {freeze,
                  | rPois}
 21414 | D:14     | Reached XP level 16. HP: 174/174 MP: 15/15
 21446 | D:14     | Reached skill level 17 in Unarmed Combat
 21594 | D:14     | Found a gate to the Vaults.
 21987 | D:15     | Entered Level 15 of the Dungeon
 21987 | D:15     | Noticed Kirke
 21997 | D:15     | Killed Kirke
 22236 | D:15     | Found a staircase to the Depths.
 22799 | Swamp:1  | Entered Level 1 of the Swamp
 22916 | Swamp:1  | Reached skill level 15 in Shapeshifting
 22998 | Swamp:1  | Identified the +1 robe of the Merchant {Stlth+ Archmagi}
 23105 | Swamp:1  | Acquired 818 gold pieces
 23108 | Swamp:1  | Bought a potion of curing for 99 gold pieces
 23108 | Swamp:1  | Bought a potion of curing for 99 gold pieces
 23108 | Swamp:1  | Bought a scroll of teleportation for 99 gold pieces
 23390 | Swamp:2  | Reached skill level 15 in Fighting
 23716 | Swamp:2  | Noticed a tentacled monstrosity
 23722 | Swamp:2  | Killed a tentacled monstrosity
 24119 | Swamp:3  | Paralysed by a fenstrider witch for 4 turns
 24537 | Swamp:3  | Reached XP level 17. HP: 184/184 MP: 16/16
 24540 | Swamp:3  | Paralysed by a fenstrider witch for 4 turns
 24558 | Swamp:3  | Reached skill level 18 in Unarmed Combat
 24830 | Swamp:4  | Entered Level 4 of the Swamp
 25577 | Swamp:4  | Noticed the 27-headed Lernaean hydra
 25583 | Swamp:4  | Killed the 26-headed Lernaean hydra
 25593 | Swamp:4  | Got a decaying rune of Zot
 25791 | Snake:1  | Entered Level 1 of the Snake Pit
 25874 | Snake:1  | Found Uzurr's Armour Boutique.
 25893 | Snake:1  | Noticed Aizul
 25902 | Snake:1  | Killed Aizul
 25907 | Snake:1  | Found Otrej's Distillery.
 25939 | Snake:1  | Found Lonoas's Weapon Boutique.
 25985 | Snake:1  | Found Jyinairr's Jewellery Boutique.
 26401 | Snake:1  | Found Veci's Jewellery Shoppe.
 26682 | Snake:2  | HP: 7/243 [nagaraja/+0 whip (11)]
 26682 | Snake:2  | HP: 3/243 [constriction (4)]
 26682 | Snake:2  | Slain by a naga warrior

Illustrated notes

Levels and vault maps discovered:
D:1:      dpeg_arrival_radiant, layout_basic
D:2:      layout_rooms, serial_shops, nicolae_shop_trees,
          nicolae_shop_real_fake_doors, shop, nicolae_shop_statue_plus,
          nicolae_shop_tiny_glass
D:3:      layout_basic, nicolae_ecumenical_snake_handling, st_stairs_8,
          grunt_ministairs_5, kennysheep_generic_room_9
D:4:      layout_rooms, minmay_temple_entry_butterflies, serial_shops,
          nicolae_shop_tiny_waterfront, uniq_grinder
D:5:      layout_loops_ring, lemuel_crystal_altar
D:6:      layout_basic, chequers_hall_statues_corner_a, st_stairs_13
D:7:      layout_gridville, kennysheep_okawaru_gauntlet, kennysheep_mini_moat,
          minmay_between, uniq_menkaure
D:8:      layout_loops_cross, overflow_temple_1_default,
          minmay_overflow_temple_hex, enter_bailey_6
D:9:      layout_rooms, erik_orc_4, hangedman_abyss_or_decor_jellyfish_corner
D:10:     layout_loops_ring, makhleb_altar_promises_db,
          erik_lair_orcish_takeover, serial_shops, shop, grunt_ogre_cave,
          bh_circular_ruins, uniq_lodul, uniq_snorg, uniq_erolcha
D:11:     layout_basic, serial_shops, nicolae_shop_advertising_works
          [nicolae_subvault_shop_adworks], nicolae_blasting_shop, uniq_urug,
          uniq_grum
D:12:     layout_irregular_city
D:13:     layout_irregular_city, muffindrake_ghost_dual_entry,
          nicolae_transmutations_shop, nicolae_shop_dragon_depot
D:14:     layout_long_grid, hangedman_vaults_entry_quadrant_bands, serial_ice,
          serial_ice_a, serial_ice_f, serial_ice_b, serial_ice_h, serial_ice_l,
          serial_ice_d, serial_ice_e, portal_ice_cave_entry_ugly_swarm,
          nemelex_lonely_heart_becter, eino_tiny_chamber, uniq_azrael
D:15:     gammafunk_depths_entry_grave, layout_rooms, grunt_decor_cap,
          uniq_kirke
Temple:   nicolae_temple_ecumenical_triangle
Lair:1:   layout_cave_pods, minivault_24, beast_lair_carwin_5, uniq_fannar
Lair:2:   layout_hall_layers, lemuel_fruit_fields
Lair:3:   layout_chaotic_city, minmay_swamp_entry_worms,
          nicolae_snake_entry_squirm, chequers_serial_rivers_micro_a
Lair:4:   layout_regular_city, gammafunk_ghost_icy
Lair:5:   minmay_lair_end_enchanted_forest, layout_gridlike, slime_entry_1
Swamp:1:  layout_basic_swamp, nicolae_swamp_round_clearing
Swamp:2:  layout_falls_marsh, infiniplex_staircase_pool_2,
          nicolae_swamp_trees_clearing, nicolae_swamp_super_fun_site
Swamp:3:  layout_falls_marsh, serial_swamp_ruin, evilmike_swamp_ruin_house_3,
          evilmike_swamp_ruin_rubble_1, swamp_pool5, nicolae_swamp_spooky_pond
Swamp:4:  grunt_swamp_rune_castle, layout_basic_swamp
Snake:1:  layout_onion, st_stairs_11, minmay_shop_grid_forest,
          minmay_shop_enchanted_jewellery, uniq_aizul
Snake:2:  nicolae_aizul_guard, layout_cave_shapes, serial_bayou_pond_c
Orc:1:    dreamdust_dug_too_deep, layout_diamond_mine
Orc:2:    grunt_orc_cross, layout_caves, enter_volcano_3,
          nicolae_orc_pool_cavern

Skill      XL: |  1  2  3  4  5  6  7  8  9 10 11 12 13 14 15 16 17 |
---------------+----------------------------------------------------+-----
Fighting       | 1 2 3 5 6 8 9 10 12 13 14 15 | 15.9
Dodging        | 2 3 4 |  4.0
Unarmed Combat | 4 5 7 8 10 11 12 14 15 16 17 18 | 18.7
Shapeshifting  | 4 6 7 8 9 11 12 13 14 15 17 | 17.0

Action                     |  1- 3 |  4- 6 |  7- 9 | 10-12 | 13-15 | 16-18 || total
---------------------------+-------+-------+-------+-------+-------+-------++-------
  Melee: Unarmed           |    69 |   120 |   239 |   473 |   893 |   513 ||  2307
         Punch             |     1 |     3 |     8 |       |    36 |    50 ||    98
         Constrict         |       |       |     3 |   116 |    80 |       ||   199
 Invoke: Call Merchant     |       |       |       |       |     2 |     1 ||     3
         Potion Petition   |       |       |       |       |     1 |       ||     1
  Evoke: Wand              |       |       |     3 |       |       |       ||     3
    Use: Scroll            |     4 |     3 |    10 |     6 |     6 |     5 ||    34
         Potion            |       |       |     2 |     5 |     6 |       ||    13
   Stab: Sleeping          |       |       |     1 |     2 |       |     1 ||     4
         Distracted        |       |       |     1 |     1 |     6 |     8 ||    16
 Armour: Animal skin       |    22 |    49 |    60 |       |       |       ||   131
         Skin              |       |       |    12 |   136 |   700 |   681 ||  1529
  Dodge: Dodged            |    28 |    67 |   118 |   210 |   564 |   379 ||  1366
  Block: Other             |       |       |     6 |    88 |   247 |   184 ||   525
         Reflection        |       |       |       |       |     5 |     4 ||     9
   Form: Anaconda          |       |       |     1 |       |     1 |       ||     2
         Statue            |       |       |       |       |     2 |       ||     2

Table legend: (Time is in decaauts)
 A = Elapsed time spent in this place.
 B = Non-inter-level travel time spent in this place.
 C = Inter-level travel time spent in this place.
 D = Time resting spent in this place.
 E = Time spent auto-exploring this place.
 F = Levels seen in this place.
 G = Mean time per level.
                   A        B        C        D        E       F      G
               +--------+--------+--------+--------+--------+-----+--------+
         Total |  31523 |  27702 |   3821 |    419 |  21481 |  32 |  985.1 |
       Dungeon |  14764 |  12543 |   2221 |    122 |  10095 |  15 |  984.3 |
        Temple |     18 |     10 |      8 |      0 |      0 |   1 |   18.0 |
          Lair |   6466 |   5614 |    852 |    147 |   4389 |   5 | 1293.2 |
         Swamp |   4299 |   4023 |    276 |    150 |   3054 |   4 | 1074.8 |
     Snake Pit |   1286 |   1226 |     60 |      0 |    987 |   2 |  643.0 |
  Orcish Mines |   2488 |   2087 |    401 |      0 |   1568 |   2 | 1244.0 |
        Bailey |    413 |    413 |      0 |      0 |    238 |   1 |  413.0 |
      Ice Cave |   1288 |   1288 |      0 |      0 |    840 |   1 | 1288.0 |
       Volcano |    497 |    497 |      0 |      0 |    307 |   1 |  497.0 |
               +--------+--------+--------+--------+--------+-----+--------+

Top non-repeatable levels by time:
  Lair:4: 1775 daAuts
    D:14: 1506 daAuts
  Lair:5: 1466 daAuts
  Lair:3: 1407 daAuts
    D:10: 1344 daAuts
   Orc:2: 1293 daAuts
   IceCv: 1288 daAuts
    D:13: 1280 daAuts
     D:7: 1277 daAuts
  Lair:1: 1255 daAuts
 Snake:1: 1240 daAuts
 Swamp:3: 1237 daAuts
   Orc:1: 1195 daAuts
 Swamp:2: 1128 daAuts
 Swamp:4: 1031 daAuts
